 Dungeon Crawl Stone Soup version 0.31-a0-161-gb58dd9be76 (webtiles) character file.

Game seed: 10324261257153864010

2467 qw the Skirmisher (level 9, -3/78 (82) HPs)
             Began as a Naga Hunter on June 12, 2023.
             Was an Initiate of Okawaru.
             Slain by a gnoll sergeant
             ... wielding a +0 spear
              (4 damage)
             ... on level 7 of the Dungeon.
             The game lasted 00:02:24 (6829 turns).

qw the Skirmisher (Naga Hunter)                     Turns: 6829, Time: 00:02:25

HP:   -3/78 (82)    AC: 10    Str: 16    XL:     9   Next: 51%
MP:   9/9           EV: 11    Int: 11    God:    Okawaru [......]
Gold: 33            SH:  0    Dex: 18    Spells: 8/8 levels left

rFire   . . .        Y - +1 shortbow
rCold   + . .        (shield currently unavailable)
rNeg    + . .        l - +0 steam dragon scales
rPois   +            (no helmet)
rElec   .            e - +1 cloak
rCorr   .            h - +1 pair of gloves of the Several Portals {rC+ rN+ SInv}
SInv    +            (no barding)
Will    +....        f - amulet of faith
Stlth   ++           b - +1 ring of slaying {mikee}
HPRegen 0.33/turn    g - +3 ring of strength
MPRegen 0.11/turn

%: faith
@: short of breath, lightly drained, very slow
A: AC +3, large, see invisible, deformed body, poison resistance, slowness 2,
spit poison 1, naga tail 1
a: Spit Poison, Renounce Religion


You were on level 7 of the Dungeon.
You worshipped Okawaru.
Okawaru was noncommittal.
You visited 2 branches of the dungeon, and saw 8 of its levels.

You collected 326 gold pieces.
You spent 293 gold pieces at shops.


Innate Abilities, Weirdness & Mutations

Your serpentine skin is tough. (AC +3)
You have supernaturally acute eyesight. (SInv)
Armour fits poorly on your strangely shaped body.
Your system is resistant to poisons. (rPois)
You cover ground very slowly.
You can spit poison.
You have a snake-like lower body.


   Skills:
 + Level 6.2 Fighting
 - Level 10.0 Ranged Weapons
 - Level 2.0 Armour
 - Level 3.0 Dodging
 - Level 1.5 Stealth


You had 8 spell levels left.
You didn't know any spells.
Your spell library was empty.

Inventory:

Hand Weapons
 Y - a +1 shortbow (weapon)
Armour
 e - a +1 cloak (worn)
 h - the +1 pair of gloves of the Several Portals (worn) {rC+ rN+ SInv}
   (You found it on level 3 of the Dungeon)

   rC:        It protects you from cold.
   rN:        It protects you from negative energy.
   SInv:      It lets you see invisible.
 l - +0 steam dragon scales (worn)
Jewellery
 b - a +1 ring of slaying (left hand) {mikee}
 f - an amulet of faith (around neck)
 g - a +3 ring of strength (right hand)
Scrolls
 a - 4 scrolls of identify
Potions
 d - a potion of curing
 i - a potion of resistance
 j - a potion of mutation

Dungeon Overview and Level Annotations

Branches:
Dungeon (7/15)             Temple (1/1) D:6

Altars:
Cheibriados
Gozag
Hepliaklqana
Kikubaaqudgha
Makhleb
Nemelex Xobeh
Okawaru
Qazlal
Ru
Sif Muna
Trog
Uskayaw
Vehumet
Wu Jian
Xom
Yredelemnul
Zin
The Shining One

Shops:
D:6 [*:[=!

Annotations:
D:3 2 runed translucent doors


Message History

The splash of poison hits the centaur.
The centaur is poisoned.
The centaur is almost dead.
The centaur hits you.
The centaur kicks you but does no damage.
The wight hits you with a +0 long sword.
You partially resist.
You feel drained.
The wight hits you with a +1 dire flail.
You partially resist.
You feel drained. The orc barely misses you. The centaur misses you.
The centaur kicks you but does no damage.
6826 ||| DRINKING potion of heal wounds.
You feel much better. The centaur barely misses you.
The centaur kicks you but does no damage.
The wight misses you. The wight hits you but does no damage.
The orc misses you.
A gnoll comes into view. It is wielding a +0 whip.
A gnoll comes into view. It is wielding a +0 flail.
You shoot an arrow. The arrow barely misses the centaur.
The arrow hits the wight.
The wight is severely damaged.
You hear an angry growl.
The centaur hits you but does no damage.
The centaur closely misses you. The gnoll sergeant closely misses you.
The wight hits you with a +0 long sword.
The wight barely misses you. The orc hits you but does no damage.
A black bear comes into view.
The centaur barely misses you. The centaur closely misses you.
You shoot an arrow. The arrow hits the centaur.
You kill the centaur!
Okawaru accepts your kill.
The gnoll sergeant hits you from afar with a +0 spear!
A gnoll comes into view. It is wielding a +0 club.
The wight hits you with a +1 dire flail!
You partially resist.
You feel drained. The wight barely misses you. The orc hits you with a +0 club.
You shoot an arrow.
The arrow hits the wight but does no damage.
The wight is severely damaged.
The gnoll sergeant hits you from afar with a +0 spear.
You die...

# ./#g # . ... .#
# #.#gg ..#..## .
#.#...#.#.... #
.... ..#..# #
#gg#..#..# #
#go##...# #
#.@z....#.# #
##zz##..#.#. #
#..h...#.#.#######
#####!............
##.#.###.#.#.#
#.#.##.......
#.#.###.#.#.#
#............
###.###.#.#.#


You could see a black bear, a gnoll sergeant, 3 wights, 5 gnolls and an orc.

Vanquished Creatures
  Grinder (D:3)
  A wraith (D:6)
  2 steam dragons
  A water moccasin (D:6)
  5 ice beasts
  2 ogres
  A centaur (D:7)
  2 kobold brigands
  A bullfrog (D:6)
  4 killer bees (D:6)
  5 hounds
  2 jellies
  4 orc priests (D:6)
  2 iguanas
  An orc wizard (D:6)
  2 sleepcaps
  A mummy (D:5)
  3 gnolls (D:3)
  5 adders
  A shadow imp (D:6)
  A white imp (D:5)
  An ufetubus (D:5)
  5 worms
  9 dart slugs
  8 orcs
  3 endoplasms
  4 giant cockroaches
  10 goblins
  5 hobgoblins
  4 jackals (D:4)
  5 quokkas
  12 ball pythons
  6 bats
  7 frilled lizards
  2 hobgoblin zombies (D:5)
  8 kobolds
  A kobold zombie (D:5)
  An orc zombie (D:5)
  5 rats
143 creatures vanquished.

Notes
Turn   | Place    | Note
-------+----------+-------------------------------------------
     0 | D:1      | qw the Naga Hunter began the quest for the Orb.
     0 | D:1      | Reached XP level 1. HP: 19/19 MP: 1/1
     0 | D:1      | 0 ||| qw: Version: 0.2-a-29-gc1b59c4
     0 | D:1      | 0 ||| qw: Game counter: 4184
     0 | D:1      | 0 ||| qw: Always use a shield: true
     0 | D:1      | 0 ||| qw: God list: Okawaru
     0 | D:1      | 0 ||| qw: Allow faded altars: false
     0 | D:1      | 0 ||| qw: Do Orc after D:15 true
     0 | D:1      | 0 ||| qw: Do second Lair branch before Depths: true
     0 | D:1      | 0 ||| qw: Lair rune preference: random
     0 | D:1      | 0 ||| qw: Plans: Normal
     0 | D:1      | 0 ||| PLANNING D:1-11
   139 | D:1      | 139 ||| INVOKING Spit Poison.
   177 | D:1      | 177 ||| INVOKING Spit Poison.
   180 | D:1      | Found a faded altar of an unknown god.
   182 | D:1      | 182 ||| INVOKING Spit Poison.
   185 | D:1      | 185 ||| INVOKING Spit Poison.
   190 | D:1      | Reached skill level 4 in Ranged Weapons
   190 | D:1      | Reached XP level 2. HP: 12/26 MP: 2/2
   190 | D:1      | 190 ||| INVOKING Spit Poison.
   193 | D:1      | 193 ||| INVOKING Spit Poison.
   195 | D:1      | HP: 6/26 [goblin/+0 club (2)]
   199 | D:1      | 199 ||| INVOKING Spit Poison.
   312 | D:1      | 312 ||| INVOKING Spit Poison.
   334 | D:1      | 334 ||| INVOKING Spit Poison.
   389 | D:1      | 389 ||| INVOKING Spit Poison.
   439 | D:1      | 439 ||| INVOKING Spit Poison.
   446 | D:1      | Reached XP level 3. HP: 32/32 MP: 3/3
   520 | D:1      | 520 ||| INVOKING Spit Poison.
   524 | D:1      | 524 ||| INVOKING Spit Poison.
   528 | D:1      | 528 ||| INVOKING Spit Poison.
   541 | D:1      | 541 ||| INVOKING Spit Poison.
   641 | D:1      | 641 ||| INVOKING Spit Poison.
   651 | D:1      | 651 ||| INVOKING Spit Poison.
   666 | D:1      | 666 ||| INVOKING Spit Poison.
   691 | D:1      | 691 ||| INVOKING Spit Poison.
   834 | D:1      | 834 ||| UPGRADING to +0 cloak.
   839 | D:1      | 839 ||| READING scroll labelled OXUIHA GOPRE.
   840 | D:1      | 840 ||| DROPPING scroll of butterflies.
   878 | D:2      | 878 ||| INVOKING Spit Poison.
   887 | D:2      | 887 ||| INVOKING Spit Poison.
   920 | D:2      | 920 ||| INVOKING Spit Poison.
   968 | D:2      | 968 ||| INVOKING Spit Poison.
   999 | D:2      | 999 ||| INVOKING Spit Poison.
  1042 | D:2      | 1042 ||| INVOKING Spit Poison.
  1082 | D:2      | 1082 ||| INVOKING Spit Poison.
  1085 | D:2      | Reached skill level 5 in Ranged Weapons
  1085 | D:2      | Reached XP level 4. HP: 39/39 MP: 4/4
  1087 | D:2      | 1087 ||| INVOKING Spit Poison.
  1088 | D:2      | 1088 ||| INVOKING Spit Poison.
  1104 | D:2      | 1104 ||| INVOKING Spit Poison.
  1126 | D:2      | 1126 ||| INVOKING Spit Poison.
  1180 | D:2      | 1180 ||| INVOKING Spit Poison.
  1400 | D:2      | 1400 ||| INVOKING Spit Poison.
  1401 | D:2      | 1401 ||| FLEEEEING.
  1404 | D:2      | 1404 ||| INVOKING Spit Poison.
  1478 | D:2      | 1478 ||| INVOKING Spit Poison.
  1606 | D:2      | 1606 ||| INVOKING Spit Poison.
  1634 | D:2      | 1634 ||| INVOKING Spit Poison.
  1658 | D:2      | 1658 ||| READING 2 scrolls labelled ANTUMO WILANA.
  1659 | D:2      | 1659 ||| READING scroll labelled KEIGEC VEXI.
  1660 | D:2      | 1660 ||| READING scroll labelled VIOGENLO POGO.
  1661 | D:2      | 1661 ||| READING scroll labelled LAVAAMEPUM.
  1662 | D:2      | 1662 ||| READING scroll labelled HIBOXU XYEXIPT.
  1663 | D:2      | 1663 ||| DROPPING scroll of revelation.
  1810 | D:3      | 1810 ||| INVOKING Spit Poison.
  1813 | D:3      | 1813 ||| INVOKING Spit Poison.
  1886 | D:3      | 1886 ||| INVOKING Spit Poison.
  1917 | D:3      | 1917 ||| INVOKING Spit Poison.
  2031 | D:3      | 2031 ||| INVOKING Spit Poison.
  2034 | D:3      | 2034 ||| INVOKING Spit Poison.
  2128 | D:3      | 2128 ||| INVOKING Spit Poison.
  2169 | D:3      | 2169 ||| INVOKING Spit Poison.
  2175 | D:3      | 2175 ||| INVOKING Spit Poison.
  2197 | D:3      | Found a large runed translucent door.
  2198 | D:3      | Found a large runed translucent door.
  2217 | D:3      | 2217 ||| INVOKING Spit Poison.
  2220 | D:3      | Reached skill level 3 in Fighting
  2220 | D:3      | 2220 ||| INVOKING Spit Poison.
  2223 | D:3      | 2223 ||| INVOKING Spit Poison.
  2227 | D:3      | Reached XP level 5. HP: 41/49 MP: 5/5
  2339 | D:3      | 2339 ||| INVOKING Spit Poison.
  2374 | D:3      | Identified the +1 pair of gloves of the Several Portals
                  | {rC+ rN+ SInv}
  2476 | D:3      | 2476 ||| INVOKING Spit Poison.
  2549 | D:3      | Noticed Grinder
  2553 | D:3      | Paralysed by Grinder for 5 turns
  2566 | D:3      | Paralysed by Grinder for 5 turns
  2573 | D:3      | Paralysed by Grinder for 4 turns
  2579 | D:3      | Killed Grinder
  2580 | D:3      | Reached skill level 6 in Ranged Weapons
  2580 | D:3      | Reached XP level 6. HP: 17/56 MP: 6/6
  2609 | D:3      | 2609 ||| INVOKING Spit Poison.
  2976 | D:3      | 2976 ||| UPGRADING to +0 pair of gloves.
  2981 | D:3      | 2981 ||| UPGRADING to +1 pair of gloves of the Several
                  | Portals {rC+ rN+ SInv}.
  2991 | D:3      | 2991 ||| DROPPING +0 pair of gloves.
  2992 | D:3      | 2992 ||| READING scroll labelled IMILAS DOOC.
  3065 | D:4      | 3065 ||| INVOKING Spit Poison.
  3069 | D:4      | 3069 ||| INVOKING Spit Poison.
  3079 | D:4      | 3079 ||| INVOKING Spit Poison.
  3085 | D:4      | 3085 ||| INVOKING Spit Poison.
  3089 | D:4      | 3089 ||| INVOKING Spit Poison.
  3108 | D:4      | 3108 ||| INVOKING Spit Poison.
  3136 | D:4      | 3136 ||| INVOKING Spit Poison.
  3247 | D:4      | 3247 ||| INVOKING Spit Poison.
  3291 | D:4      | 3291 ||| INVOKING Spit Poison.
  3312 | D:4      | Identified the +1 spear of Conformity {chaos, Fly Will+
                  | Int-3 Dex+4}
  3323 | D:4      | 3323 ||| INVOKING Spit Poison.
  3329 | D:4      | 3329 ||| READING scroll of enchant armour.
  3329 | D:4      | 3329 ||| ENCHANTING +0 cloak.
  3396 | D:4      | 3396 ||| INVOKING Spit Poison.
  3433 | D:4      | 3433 ||| INVOKING Spit Poison.
  3440 | D:4      | 3440 ||| INVOKING Spit Poison.
  3443 | D:4      | Reached XP level 7. HP: 29/66 MP: 7/7
  3498 | D:4      | 3498 ||| INVOKING Spit Poison.
  3593 | D:4      | 3593 ||| INVOKING Spit Poison.
  3599 | D:4      | 3599 ||| INVOKING Spit Poison.
  3786 | D:4      | 3786 ||| INVOKING Spit Poison.
  3833 | D:4      | 3833 ||| INVOKING Spit Poison.
  3837 | D:4      | 3837 ||| INVOKING Spit Poison.
  3841 | D:4      | 3841 ||| INVOKING Spit Poison.
  3879 | D:4      | 3879 ||| INVOKING Spit Poison.
  3986 | D:4      | 3986 ||| UPGRADING to amulet of faith.
  3991 | D:4      | 3991 ||| READING scroll labelled UVVALI BISA.
  3992 | D:4      | 3992 ||| READING scroll labelled IPSAFENNYG.
  3993 | D:4      | 3993 ||| DRINKING 2 murky golden potions.
  4017 | D:5      | Entered Level 5 of the Dungeon
  4076 | D:5      | Identified the +2 flail "Jouc" {elec, rElec rF+ rN+ Dex+3}
  4154 | D:5      | Reached skill level 7 in Ranged Weapons
  4213 | D:5      | Found a snail-covered altar of Cheibriados.
  4214 | D:5      | Found a basalt altar of Yredelemnul.
  4330 | D:5      | 4330 ||| INVOKING Spit Poison.
  4340 | D:5      | Reached skill level 1 in Armour
  4388 | D:5      | Found a sacrificial altar of Ru.
  4502 | D:5      | 4502 ||| INVOKING Spit Poison.
  4505 | D:5      | 4505 ||| INVOKING Spit Poison.
  4512 | D:5      | 4512 ||| INVOKING Spit Poison.
  4756 | D:5      | 4756 ||| INVOKING Spit Poison.
  4759 | D:5      | 4759 ||| INVOKING Spit Poison.
  4832 | D:5      | 4832 ||| READING 9 scrolls labelled AFYDAN ZA QIGEEP.
  4833 | D:5      | 4833 ||| DRINKING 3 blue potions.
  4834 | D:5      | 4834 ||| DRINKING 3 murky silvery potions.
  4835 | D:5      | 4835 ||| READING 8 scrolls of identify.
  4835 | D:5      | 4835 ||| IDENTIFYING black potion
  4836 | D:5      | 4836 ||| READING 7 scrolls of identify.
  4836 | D:5      | 4836 ||| IDENTIFYING ruby potion
  4837 | D:5      | 4837 ||| READING 6 scrolls of identify.
  4837 | D:5      | 4837 ||| IDENTIFYING lumpy blue potion
  4838 | D:5      | 4838 ||| DROPPING potion of degeneration.
  4839 | D:5      | 4839 ||| DROPPING potion of enlightenment.
  4840 | D:5      | 4840 ||| DROPPING potion of berserk rage.
  4901 | D:6      | Found Fuvverir's One-of-a-Kind Rings.
  4912 | D:6      | 4912 ||| BUYING +1 ring of slaying (90 gold).
  4912 | D:6      | Bought a +1 ring of slaying for 90 gold pieces
  4912 | D:6      | 4912 ||| BUYING +3 ring of strength (150 gold).
  4912 | D:6      | Bought a +3 ring of strength for 150 gold pieces
  4912 | D:6      | 4912 ||| SHOPLISTING +9 ring of dexterity (1170 gold, have
                  | 46).
  4912 | D:6      | 4912 ||| SHOPLISTING ring "Cun Axuw" {Ice rCorr} (564 gold,
                  | have 46).
  4912 | D:6      | 4912 ||| SHOPLISTING ring "Kafoon" {rElec rN+ rCorr} (573
                  | gold, have 46).
  4947 | D:6      | 4947 ||| INVOKING Spit Poison.
  4954 | D:6      | 4954 ||| INVOKING Spit Poison.
  4955 | D:6      | Reached XP level 8. HP: 59/73 MP: 8/8
  4959 | D:6      | 4959 ||| INVOKING Spit Poison.
  4960 | D:6      | Reached skill level 8 in Ranged Weapons
  4965 | D:6      | 4965 ||| INVOKING Spit Poison.
  5140 | D:6      | 5140 ||| UPGRADING to +1 ring of slaying {mikee}.
  5141 | D:6      | 5141 ||| UPGRADING to +3 ring of strength.
  5146 | D:6      | 5146 ||| STAIRDANCE
  5175 | D:6      | Found a glowing silver altar of Zin.
  5176 | D:6      | Noticed a wraith
  5201 | D:6      | HP: 11/73 [wraith (8)]
  5202 | D:6      | 5202 ||| DRINKING 2 potions of heal wounds.
  5204 | D:6      | Killed a wraith
  5332 | D:6      | 5332 ||| INVOKING Spit Poison.
  5340 | D:6      | 5340 ||| INVOKING Spit Poison.
  5355 | D:6      | 5355 ||| INVOKING Spit Poison.
  5398 | D:6      | 5398 ||| INVOKING Spit Poison.
  5459 | D:6      | Found an ornate altar of the Wu Jian Council.
  5515 | D:6      | Reached skill level 9 in Ranged Weapons
  5529 | D:6      | 5529 ||| INVOKING Spit Poison.
  5533 | D:6      | 5533 ||| INVOKING Spit Poison.
  5590 | D:6      | 5590 ||| INVOKING Spit Poison.
  5595 | D:6      | Reached skill level 6 in Fighting
  5597 | D:6      | 5597 ||| INVOKING Spit Poison.
  5602 | D:6      | 5602 ||| INVOKING Spit Poison.
  5636 | D:6      | Found Amuar's Antique Armour Boutique.
  5639 | D:6      | Found Ritipras's Book Boutique.
  5641 | D:6      | Found Haigosyxiz's Assorted Antiques.
  5641 | D:6      | Found Uxtauw's Armour Boutique.
  5647 | D:6      | 5647 ||| SHOPLISTING brightly glowing ring mail (189 gold,
                  | have 73).
  5647 | D:6      | 5647 ||| INVOKING Spit Poison.
  5655 | D:6      | 5655 ||| INVOKING Spit Poison.
  5786 | D:6      | 5786 ||| SHOPLISTING +1 robe (84 gold, have 73).
  5786 | D:6      | 5786 ||| SHOPLISTING +2 robe of Zoonoxei {rElec rC- Str+2
                  | SInv} (287 gold, have 73).
  5789 | D:6      | 5789 ||| BUYING green potion (25 gold).
  5789 | D:6      | Bought a green potion for 25 gold pieces
  5789 | D:6      | 5789 ||| SHOPLISTING potion of curing (84 gold, have 48).
  5789 | D:6      | 5789 ||| BUYING scroll labelled AFOUMIELIL (28 gold).
  5789 | D:6      | Bought a scroll labelled AFOUMIELIL for 28 gold pieces
  5789 | D:6      | 5789 ||| SHOPLISTING scroll of identify (56 gold, have 20).
  5789 | D:6      | 5789 ||| SHOPLISTING viscous white potion (25 gold, have
                  | 20).
  5849 | D:6      | 5849 ||| INVOKING Spit Poison.
  5850 | D:6      | 5850 ||| INVOKING Spit Poison.
  5854 | D:6      | 5854 ||| INVOKING Spit Poison.
  5855 | D:6      | Reached XP level 9. HP: 75/82 MP: 9/9
  5902 | D:6      | 5902 ||| INVOKING Spit Poison.
  5904 | D:6      | Reached skill level 3 in Dodging
  5957 | D:6      | Found Vexenn's Distillery.
  5966 | D:6      | 5966 ||| SHOPLISTING potion of cancellation (96 gold, have
                  | 20).
  5966 | D:6      | 5966 ||| SHOPLISTING potion of curing (36 gold, have 20).
  5966 | D:6      | 5966 ||| SHOPLISTING potion of haste (120 gold, have 20).
  5966 | D:6      | 5966 ||| SHOPLISTING potion of heal wounds (60 gold, have
                  | 20).
  5966 | D:6      | 5966 ||| SHOPLISTING potion of might (48 gold, have 20).
  6154 | D:6      | Found a staircase to the Ecumenical Temple.
  6155 | D:6      | 6155 ||| PLANNING TEMPLE
  6155 | D:6      | 6155 ||| INVOKING Spit Poison.
  6161 | D:6      | 6161 ||| INVOKING Spit Poison.
  6167 | D:6      | 6167 ||| INVOKING Spit Poison.
  6300 | D:6      | 6300 ||| READING scroll labelled AFOUMIELIL.
  6301 | D:6      | 6301 ||| DRINKING 2 green potions.
  6302 | D:6      | 6302 ||| DRINKING 2 potions of curing.
  6302 | D:6      | 6302 ||| (to cure confusion)
  6303 | D:6      | 6303 ||| READING 5 scrolls of identify.
  6303 | D:6      | 6303 ||| IDENTIFYING fizzy silvery potion
  6304 | D:6      | 6304 ||| DROPPING potion of ambrosia.
  6311 | Temple   | Entered the Ecumenical Temple
  6324 | Temple   | 6324 ||| PLANNING OKAWARU WORSHIP
  6552 | Temple   | 6552 ||| UPGRADING to +0 steam dragon scales.
  6562 | Temple   | 6562 ||| DROPPING +0 leather armour.
  6588 | Temple   | Became a worshipper of Warmaster Okawaru
  6588 | Temple   | 6588 ||| PLANNING D:1-11
  6629 | D:7      | 6629 ||| Stepping ~*~*~tactically~*~*~ (outnumbered).
  6653 | D:7      | 6653 ||| Stepping ~*~*~tactically~*~*~ (outnumbered).
  6654 | D:7      | 6654 ||| INVOKING Spit Poison.
  6660 | D:7      | 6660 ||| INVOKING Spit Poison.
  6667 | D:7      | Reached skill level 10 in Ranged Weapons
  6667 | D:7      | 6667 ||| INVOKING Spit Poison.
  6809 | D:7      | 6809 ||| INVOKING Spit Poison.
  6814 | D:7      | 6814 ||| INVOKING Spit Poison.
  6818 | D:7      | 6818 ||| INVOKING Spit Poison.
  6825 | D:7      | 6825 ||| INVOKING Spit Poison.
  6825 | D:7      | HP: 17/82 [wight/+0 long sword (5)]
  6826 | D:7      | 6826 ||| DRINKING potion of heal wounds.
  6828 | D:7      | HP: 4/78 [wight/+1 dire flail (10)]
  6828 | D:7      | HP: 1/76 [orc/+0 club (2)]
  6829 | D:7      | Slain by a gnoll sergeant

Levels and vault maps discovered:
D:1:      dpeg_arrival_rhombus, layout_basic, nicolae_ecumenical_snake_handling
D:2:      layout_basic, minivault_24
D:3:      mumra_celtic_spiral_tile, layout_basic, jmf_multi_god_temple2,
          uniq_grinder
D:4:      layout_loops_ring, st_stairs_7, minmay_misc_feat_roman,
          minmay_pentangle
D:5:      layout_loops_ring, nicolae_overflow_hidden_temple, minmay_mini_ossuary
D:6:      layout_rooms, zin_academy, lemuel_round_altar,
          minmay_temple_entry_enclosed_plants, serial_shops, shop,
          serial_aquarium, aquarium_bridge_straight [aquarium_subvault_bridge,
          aquarium_subvault_balcony, aquarium_subvault_bridge,
          aquarium_subvault_wall], aquarium_bridge_straight
          [aquarium_subvault_bridge, aquarium_subvault_window,
          aquarium_subvault_bridge, aquarium_subvault_wall], aquarium_window_1,
          aquarium_window_fake, aquarium_view_2a, aquarium_view_2d,
          aquarium_balcony_3b, nicolae_shop_unique_rings, minivault_24,
          minmay_shop_grid_forest
D:7:      layout_loops_ring, lemuel_doored_altar, st_stairs_9,
          minmay_curled_crystal
Temple:   oiseaux_autumnal_temple

Skill      XL: |  1  2  3  4  5  6  7  8  9 |
---------------+----------------------------+-----
Ranged Weapons | 4 5 6 7 9 10 | 10.0
Fighting       | 3 4 6 |  6.2
Dodging        | 2 3 |  3.0
Armour         | 1 2 |  2.0
Stealth        | |  1.5

Action                     |  1- 3 |  4- 6 |  7- 9 || total
---------------------------+-------+-------+-------++-------
   Fire: Shortbow          |    68 |   122 |   266 ||   456
Ability: Spit Poison       |    26 |    37 |    42 ||   105
    Use: Scroll            |     1 |     7 |     8 ||    16
         Potion            |       |       |     7 ||     7
 Armour: Leather armour    |     9 |    10 |    53 ||    72
         Steam dragon scal |       |       |    28 ||    28
  Dodge: Dodged            |    27 |    15 |   118 ||   160

Table legend:
 A = Non-vault XP
 B = Vault XP
 C = Vault XP percentage of total XP
 D = Non-vault monster count
 E = Vault monster count
 F = Vault count percentage of total count
                 A         B        C        D         E       F
            +---------+---------+-------+---------+---------+-------
      Total |    2880 |     645 |  18.3 |     125 |      18 |  12.6
            +---------+---------+-------+---------+---------+-------
        D:1 |      44 |       6 |  12.0 |      26 |       4 |  13.3
        D:2 |      57 |       0 |   0.0 |      20 |       0 |   0.0
        D:3 |      78 |     272 |  77.7 |      18 |       1 |   5.3
        D:4 |     258 |      91 |  26.1 |      16 |       6 |  27.3
        D:5 |     282 |      22 |   7.2 |       8 |       5 |  38.5
        D:6 |    1635 |       0 |   0.0 |      31 |       0 |   0.0
        D:7 |     526 |     254 |  32.6 |       6 |       2 |  25.0
            +---------+---------+-------+---------+---------+-------
